 Dungeon Crawl Stone Soup version 0.17.1-1-g73c8601 (webtiles) character file.

30678 Glider the Bewitcher (level 13, -2/90 HPs)
             Began as a Vampire Enchanter on Dec 23, 2015.
             Was a High Priest of Kikubaaqudgha.
             Engulfed by a cloud of freezing vapour (9 damage)
             ... in an ice cave on Dec 24, 2015.
             The game lasted 01:58:49 (17356 turns).

Glider the Bewitcher (Vampire Enchanter)           Turns: 17356, Time: 01:58:49

Health: -2/90      AC:  9    Str:  7    XL:     13   Next: 21%
Magic:  19/19      EV: 15    Int: 30    God:    Kikubaaqudgha [*****.]
Gold:   1082       SH:  7    Dex: 15    Spells: 6 memorised, 5 levels left

rFire  . . .     SeeInvis +     b - +4 dagger
rCold  . . .     Clarity  .     o - +0 troll leather armour {Purgy}
rNeg   + . .     SustAt   .     N - +2 buckler
rPois  .         Gourm    .     J - +0 helmet
rElec  .         Spirit   .     H - +1 cloak
rCorr  .         Warding  .     (no gloves)
rMut   .         Stasis   .     O - +0 pair of boots
MR     +....                    B - amulet of regeneration
Stlth  ++++++....               q - +3 ring of intelligence
                                i - +5 ring of intelligence

@: about to teleport, repel missiles, somewhat resistant to hostile
enchantments, very stealthy
A: fangs 3, see invisible, unbreathing
a: Bat Form, Receive Corpses, Torment, Renounce Religion


You were in an ice cave.
You worshipped Kikubaaqudgha.
Kikubaaqudgha was extremely pleased with you.
You were not thirsty.

You visited 3 branches of the dungeon, and saw 16 of its levels.
You also visited: Sewer and Ice Cave.

You collected 1082 gold pieces.

Inventory:

Hand Weapons
 b - a +4 dagger (weapon)
 r - a +1 rapier
Armour
 g - the +1 leather armour of the Ladybird {Dex+3}
   (You found it on level 12 of the Dungeon)

   It affects your dexterity (+3).
 j - the +1 leather armour of Exisirro {rN+ rCorr}
   (You found it on level 13 of the Dungeon)

   It protects you from negative energy.
   It protects you from acid and corrosion.
 o - a +0 troll leather armour (worn) {Purgy}
 G - a +2 robe of fire resistance
 H - a +1 cloak (worn)
 J - a +0 helmet (worn)
 K - the +6 scale mail of Anaesthesia {rPois rN+ Str+6, unknown}
   (You found it in an ice cave)

   It affects your strength (+6).
   It protects you from poison.
   It protects you from negative energy.
 N - a +2 buckler (worn)
 O - a +0 pair of boots (worn)
Jewellery
 c - an uncursed amulet of stasis
 i - a +5 ring of intelligence (left hand)
 n - an uncursed amulet of inaccuracy
 q - a +3 ring of intelligence (right hand)
 v - an uncursed ring of poison resistance {unknown}
 B - an amulet of regeneration (around neck)
 U - an uncursed ring of fire
Wands
 h - a wand of random effects (36)
 u - a wand of flame (30)
 I - a wand of confusion (25)
 P - a wand of disintegration (11)
Scrolls
 a - 2 scrolls of identify
 e - 3 scrolls of remove curse
 f - 3 scrolls of fear
 m - 2 scrolls of recharging
 t - 5 scrolls of teleportation
 x - a scroll of enchant weapon
 y - 2 scrolls of fog
 F - 2 scrolls of enchant armour
 W - a scroll of amnesia
Potions
 d - 39 potions of blood
 k - a potion of magic
 l - 3 potions of might
 p - 5 potions of haste
 w - a potion of flight
 z - 4 potions of curing
 A - 2 potions of cancellation
 C - a potion of cure mutation
 E - 4 potions of agility
Books
 s - Sif Muna's Volume of Hurtful Weightlessness
   (You found it in an ice cave)

   Spells                             Type                      Level
   a - Shock                          Conjuration/Air              1
   b - Repel Missiles                 Charms/Air                   2
   c - Venom Bolt                     Conjuration/Poison           5
   d - Lightning Bolt                 Conjuration/Air              5
   e - Deflect Missiles               Charms/Air                   6
 D - a book of Ice

   Spells                             Type                      Level
   a - Ice Form                       Ice/Transmutation            4
   b - Metabolic Englaciation         Hexes/Ice                    5
   c - Ozocubu's Refrigeration        Ice                          6
   d - Bolt of Cold                   Conjuration/Ice              6
   e - Freezing Cloud                 Conjuration/Ice/Air          6
   f - Simulacrum                     Ice/Necromancy               6


   Skills:
 * Level 4.9 Fighting
 * Level 11.1 Short Blades
 - Level 4.1 Armour
 * Level 7.0 Dodging
 - Level 14.0 Stealth
 - Level 5.0 Shields
 * Level 4.0 Spellcasting
 * Level 17.7 Hexes
 - Level 2.0 Charms
 - Level 2.4 Necromancy
 - Level 2.2 Ice Magic
 - Level 2.0 Air Magic


You had 5 spell levels left.
You knew the following spells:

 Your Spells              Type           Power        Failure   Level  Hunger
a - Corona                Hex            #######      0%          1    None
b - Ensorcelled Hibernat  Hex/Ice        ######       1%          2    None
c - Confuse               Hex            #######.     1%          3    ##.....
d - Tukima's Dance        Hex            #######.     1%          3    ##.....
e - Animate Dead          Necr           N/A          38%         4    ####...
f - Repel Missiles        Chrm/Air       ###...       8%          2    None


Dungeon Overview and Level Annotations

Branches:
Dungeon (14/15)            Temple (1/1) D:7            Lair (1/8) D:8
    Orc (0/4) D:12
 Vaults: D:13-14

Altars:
Ashenzari
Cheibriados
Dithmenos
Elyvilon
Fedhas
Gozag
Kikubaaqudgha
Makhleb
Nemelex Xobeh
Okawaru
Qazlal
Ru
Sif Muna
Trog
Vehumet
Xom
Yredelemnul
Zin
The Shining One

Shops:
D:4 }   D:5 :


Innate Abilities, Weirdness & Mutations

You have razor-sharp teeth.
You have supernaturally acute eyesight.
You can survive without breathing.


Message History

Your +3 ring of intelligence unmelds from your body.
You feel clever. x2
You are engulfed in freezing vapours.
You are engulfed in freezing vapours.
You are engulfed in freezing vapours.
* * * LOW HITPOINT WARNING * * *
Drink which item? (? for menu, Esc to quit)
You can't drink that!
Drink which item? (? for menu, Esc to quit)
You feel much better.
You are engulfed in freezing vapours.
* * * LOW HITPOINT WARNING * * *
Read which item? (? for menu, Esc to quit)
As you read the scroll of teleportation, it crumbles to dust.
You feel strangely unstable.
You are engulfed in freezing vapours.
* * * LOW HITPOINT WARNING * * *
Press: ? - help, v - describe, . - travel The floor.
You are engulfed in freezing vapours.
You die...
Kikubaaqudgha rasps: "You have failed me!
Welcome... oblivion!"

##.#..#≈≈≈≈≈#≈≈≈#########
#..##.##≈≈#≈#≈≈≈≈≈#≈≈#≈##
#.###.#≈≈≈≈≈≈≈##≈≈≈≈≈≈≈≈#
##.#.##≈≈≈≈#≈≈##≈≈≈≈≈≈≈≈#
#....#≈≈##≈≈≈≈###≈≈≈≈≈≈≈#
#.#.##≈###≈≈≈≈# ##≈≈≈≈≈##
##.###≈≈#§##≈### ##≈≈#≈#
#.###≈≈≈#§###≈# ##≈###
#.##≈≈≈ #§@#### #≈#
#).#≈≈ #§§# ### ##.# ##§#
##.# ##§§# #.## #§§##
#.## #§§# #..## ##§##
##..###§§####
#...#..#§#)##


There were no monsters in sight!

Vanquished Creatures
  A frost giant (IceCv)
  A hydra (D:12)
  3 death yaks (IceCv)
  An unseen horror (D:13)
  2 hill giants (D:12)
  An orc knight (D:14)
  A deep elf conjurer (D:14)
  4 ugly things
  2 cyclopes (D:12)
  A komodo dragon (D:8)
  3 freezing wraiths (D:14)
  A two-headed ogre (D:12)
  A tengu conjurer (D:11)
  12 polar bears (IceCv)
  Grinder (D:6)
  A troll (D:14)
  A wolf spider simulacrum (D:14)
  7 slime creatures
  A shadow (D:13)
  33 yaks
  4 wyverns
  A wraith (D:11)
  4 hungry ghosts
  A steam dragon (D:8)
  4 deep elf magi
  A warg (D:14)
  4 vampire mosquitoes (D:12)
  3 hippogriffs
  2 mottled dragons (D:12)
  10 wolves (IceCv)
  A soldier ant (D:11)
  5 orc warriors
  Duvessa (D:6)
  Purgy (Sewer)
  3 black bears
  3 phantoms
  7 ogres
  2 necrophages
  4 ice beasts
  3 sky beasts
  The ghost of Andry07 the Skirmisher, an amateur HEFi (D:3)
  7 centaurs
  14 giant frogs
  A brain worm (D:12)
  2 big kobolds
  Dowan (D:6)
  A gnoll sergeant (D:7)
  18 killer bees
  A scorpion (D:4)
  2 wights (D:12)
  2 quasits
  6 crimson imps
  6 jellies
  2 centaur skeletons
  4 hounds
  4 centaur zombies
  8 orc priests
  6 iguanas
  10 orc wizards
  4 giant frog skeletons
  12 worker ants
  Natasha (thrice) (D:2)
  A killer bee zombie (D:9)
  A hound zombie (D:5)
  A hound skeleton (D:11)
  18 gnolls
  19 adders
  5 shadow imps
  A giant eyeball (D:12)
  An ooze (D:3)
  2 adder skeletons
  3 adder zombies
  2 worms (D:2)
  8 giant geckos
  55 orcs
  6 bats
  6 giant cockroaches
  12 hobgoblins
  9 jackals
  9 kobolds
  2 quokkas (D:12)
  4 ball pythons
  A giant gecko skeleton (D:7)
  5 giant newts
  10 goblins
  A quokka skeleton (D:10)
  9 rats
448 creatures vanquished.

Vanquished Creatures (collateral kills)
  A deep elf fighter (D:14)
1 creature vanquished.

Vanquished Creatures (others)
  2 polar bears (IceCv)
  3 wolves (IceCv)
  3 plants (D:8)
8 creatures vanquished.

Grand Total: 457 creatures vanquished

Notes
Turn   | Place    | Note
--------------------------------------------------------------
     0 | D:1      | Glider the Vampire Enchanter began the quest for the Orb.
     0 | D:1      | Reached XP level 1. HP: 13/13 MP: 3/3
   343 | D:1      | Reached XP level 2. HP: 13/19 MP: 1/5
   344 | D:1      | Reached skill level 5 in Hexes
   556 | D:1      | Learned a level 2 spell: Ensorcelled Hibernation
  1177 | D:2      | Reached skill level 5 in Stealth
  1177 | D:2      | Reached XP level 3. HP: 24/24 MP: 6/6
  1185 | D:2      | Reached skill level 6 in Stealth
  1321 | D:2      | Reached XP level 4. HP: 30/30 MP: 7/7
  1489 | D:2      | Noticed Natasha
  1491 | D:2      | Killed Natasha
  1537 | D:2      | Reached skill level 1 in Ice Magic
  1839 | D:2      | Noticed Natasha
  1849 | D:2      | Killed Natasha
  1944 | D:3      | Learned a level 3 spell: Confuse
  1984 | D:3      | Noticed Andry07's ghost (amateur HEFi)
  2188 | D:2      | Noticed Natasha
  2191 | D:2      | Killed Natasha
  2460 | D:3      | Found a glowing drain.
  2467 | D:3      | Reached XP level 5. HP: 35/35 MP: 3/8
  2482 | Sewer    | Entered a sewer
  2520 | Sewer    | Noticed Purgy
  2537 | Sewer    | Killed Purgy
  2835 | D:3      | Found a sparkling altar of Nemelex Xobeh.
  2965 | D:3      | Reached XP level 6. HP: 41/41 MP: 9/9
  3207 | D:3      | Killed Andry07's ghost
  3207 | D:3      | Reached skill level 5 in Short Blades
  4110 | D:4      | Reached XP level 7. HP: 28/46 MP: 1/10
  4293 | D:4      | HP: 2/46 [centaur/arrow (4)]
  4513 | D:4      | Reached skill level 1 in Armour
  4513 | D:4      | Reached skill level 7 in Hexes
  5037 | D:4      | Found a sacrificial altar of Ru.
  5203 | D:4      | Found Joweumes's Gadget Emporium.
  5276 | D:4      | Reached skill level 8 in Hexes
  5284 | D:4      | Found an opulent altar of Gozag.
  5285 | D:4      | Found a sparkling altar of Nemelex Xobeh.
  5409 | D:5      | Entered Level 5 of the Dungeon
  5697 | D:5      | Learned a level 3 spell: Tukima's Dance
  5784 | D:5      | Reached XP level 8. HP: 50/52 MP: 11/11
  5991 | D:5      | Found Kotruone's Book Boutique.
  6214 | D:6      | Noticed Grinder
  6234 | D:6      | Killed Grinder
  6241 | D:6      | Noticed Duvessa
  6241 | D:6      | Noticed Dowan
  6245 | D:6      | Killed Duvessa
  6254 | D:6      | Killed Dowan
  6813 | D:6      | Reached skill level 9 in Stealth
  7068 | D:7      | Reached XP level 9. HP: 57/57 MP: 9/12
  7145 | D:7      | Reached skill level 10 in Stealth
  7632 | D:7      | Found a staircase to the Ecumenical Temple.
  7651 | Temple   | Entered the Ecumenical Temple
  7670 | Temple   | Became a worshipper of Kikubaaqudgha
  8369 | D:8      | Got a scorched flail
  8373 | D:8      | Found a staircase to the Lair.
  8374 | D:8      | Noticed a komodo dragon
  8593 | D:8      | Reached skill level 10 in Hexes
  8754 | D:8      | Reached skill level 1 in Shields
  8765 | D:8      | Killed a komodo dragon
  8765 | D:8      | Reached XP level 10. HP: 63/63 MP: 11/16
  8805 | D:8      | Found a snail-covered altar of Cheibriados.
  8883 | D:8      | Reached * piety under Kikubaaqudgha
  8883 | D:8      | Received a gift from Kikubaaqudgha
  8889 | D:8      | Identified Kikubaaqudgha's Disquisition on Unholy Rituals (Kikubaaqudgha gifted it to you on level 8 of the Dungeon)
  9184 | D:9      | Found a shimmering altar of Xom.
  9418 | D:9      | Reached skill level 5 in Shields
  9755 | D:9      | Found a shadowy altar of Dithmenos.
 10006 | D:9      | Found a blossoming altar of Fedhas.
 10007 | D:9      | Found a glowing silver altar of Zin.
 10127 | D:10     | Entered Level 10 of the Dungeon
 10459 | D:10     | Reached ** piety under Kikubaaqudgha
 10693 | D:10     | Reached skill level 11 in Stealth
 11121 | D:10     | Reached skill level 10 in Short Blades
 11351 | D:11     | Reached skill level 1 in Fighting
 11419 | D:11     | Noticed a brown ugly thing
 11455 | D:11     | Killed a brown ugly thing
 11455 | D:11     | Reached skill level 12 in Hexes
 11543 | D:11     | Reached XP level 11. HP: 71/71 MP: 17/17
 12061 | D:11     | Reached skill level 13 in Hexes
 12192 | D:11     | Reached *** piety under Kikubaaqudgha
 12192 | D:11     | Received a gift from Kikubaaqudgha
 12199 | D:11     | Identified Kikubaaqudgha's Almanac of Stolen Souls (Kikubaaqudgha gifted it to you on level 11 of the Dungeon)
 12560 | Lair:1   | Entered Level 1 of the Lair of Beasts
 12620 | Lair:1   | Learned a level 4 spell: Animate Dead
 12817 | D:12     | Noticed a hill giant
 12849 | D:12     | Killed a hill giant
 13219 | D:12     | Found a staircase to the Orcish Mines.
 13249 | D:12     | Reached skill level 5 in Dodging
 13293 | D:12     | Reached **** piety under Kikubaaqudgha
 13431 | D:12     | Noticed a hill giant
 13438 | D:12     | Killed a hill giant
 13510 | D:12     | Reached skill level 14 in Hexes
 13528 | D:12     | Reached skill level 1 in Necromancy
 13964 | D:12     | Reached XP level 12. HP: 82/82 MP: 12/18
 14009 | D:12     | Noticed a five-headed hydra
 14174 | D:12     | Killed a five-headed hydra
 14564 | D:12     | Got an ancient leather armour
 14575 | D:12     | Identified the +1 leather armour of the Ladybird {Dex+3} (You found it on level 12 of the Dungeon)
 14722 | D:13     | Reached skill level 15 in Hexes
 14743 | D:13     | Got a transparent leather armour
 14754 | D:13     | Identified the cursed +1 leather armour of Exisirro {rN+ rCorr} (You found it on level 13 of the Dungeon)
 15044 | D:13     | Reached ***** piety under Kikubaaqudgha
 15260 | D:14     | Found a frozen archway.
 15503 | D:14     | Reached skill level 16 in Hexes
 15709 | IceCv    | Entered an ice cave
 15890 | IceCv    | Identified Sif Muna's Volume of Hurtful Weightlessness
 15894 | IceCv    | Learned a level 2 spell: Repel Missiles
 16285 | IceCv    | Reached skill level 1 in Air Magic
 16337 | IceCv    | Reached skill level 1 in Charms
 16495 | IceCv    | Reached skill level 17 in Hexes
 16495 | IceCv    | Reached XP level 13. HP: 90/90 MP: 6/19
 16838 | IceCv    | Noticed a frost giant
 17151 | IceCv    | Killed a frost giant
 17204 | IceCv    | Got a faintly humming scale mail
 17356 | IceCv    | Engulfed by a cloud of freezing vapour

Action                   |  1- 3 |  4- 6 |  7- 9 | 10-12 | 13-15 || total
-------------------------+-------+-------+-------+-------+-------++-------
Melee: Dagger            |    60 |    65 |       |   489 |   110 ||   724
       Rapier            |       |   102 |   358 |   481 |       ||   941
 Cast: Corona            |     7 |       |       |     4 |       ||    11
       Ensorcelled Hiber |     2 |    22 |    46 |    83 |     9 ||   162
       Confuse           |       |    13 |    55 |   147 |    16 ||   231
       Repel Missiles    |       |       |       |     1 |       ||     1
       Tukima's Dance    |       |       |       |     1 |       ||     1
 Abil: End Transformatio |       |       |       |       |     1 ||     1
       Bat Form          |       |       |       |       |     1 ||     1
Evoke: Wand              |       |       |       |     1 |       ||     1
  Use: Scroll            |       |     6 |    12 |    11 |     1 ||    30
       Potion            |       |     3 |     7 |    10 |     3 ||    23
 Stab: Sleeping          |    15 |    30 |    46 |    86 |     6 ||   183
       Distracted        |     2 |       |       |     2 |     1 ||     5
       Confused          |       |     5 |    34 |    99 |    10 ||   148
